Map: Dusk Towers

Players

State - Winner!

  • Race: Protoss Protoss
  • League: Grandmaster

엠브피치킨마루

  • Race: Terran Terran
  • League: Master

VOD

Have the link to the VOD?

Description

Time

  • Played on: Feb. 12, 2016, 3:42 a.m.
  • Length: 7:57
Show
View Real Time Build Order
Export as new Build Order

State Protoss - Winner!

Build Orders: 1 Gate Expand 

Get SALT Encoding   

  12  0:00  Probe (Chrono Boost)  
  13  0:11  Probe (Chrono Boost)  
  14  0:18  Pylon  
  14  0:22  Probe (Chrono Boost)  
  15  0:36  Gateway, Probe (Chrono Boost)  
  16  0:42  Assimilator  
  16  0:46  Probe (Chrono Boost)  
  17  0:57  Probe (Chrono Boost)  
  18  1:08  Probe (Chrono Boost)  
  19  1:19  Nexus  
  19  1:23  Probe (Chrono Boost)  
  20  1:34  Cybernetics Core  
  20  1:36  Probe (Chrono Boost)  
  21  1:42  Assimilator  
  21  1:47  Probe (Chrono Boost)  
  21  1:52  Pylon  
  22  1:58  Probe (Chrono Boost)  
  23  2:11  Mothership Core (Chrono Boost), Adept  
  23  2:15  Warp Gate  
  28  2:30  Probe (Chrono Boost)  
  28  2:32  Probe (Chrono Boost)  
  28  2:35  Robotics Facility  
  29  2:40  Probe (Chrono Boost)  
  30  2:44  Forge  
  30  2:46  Probe (Chrono Boost)  
  30  2:51  Probe (Chrono Boost)  
  32  2:56  Probe (Chrono Boost)  
  33  3:00  Twilight Council  
  33  3:03  Probe (Chrono Boost)  
  34  3:06  Protoss Ground Weapons Level 1 (Chrono Boost)  
  34  3:07  Probe (Chrono Boost)  
  35  3:13  Probe (Chrono Boost)  
  35  3:16  Probe (Chrono Boost)  
  37  3:24  Probe  
  38  3:27  Pylon  
  38  3:32  Warp Prism  
  41  3:36  Probe  
  41  3:37  Probe  
  41  3:39  Resonating Glaives (Chrono Boost)  
  42  3:49  Probe  
  42  3:50  Probe  
  42  3:51  Gateway  
  42  3:55  Gateway  
  44  4:00  Gateway  
  44  4:07  Dark Shrine  
  44  4:09  Probe x2  
  46  4:12  Observer  
  46  4:16  Pylon  
  47  4:18  Pylon  
  47  4:22  Probe  
  47  4:23  Probe  
  49  4:29  Assimilator  
  49  4:33  Assimilator  
  49  4:34  Probe  
  49  4:35  Probe  
  51  4:43  Observer  
  52  4:46  Probe  
  52  4:47  Adept x2  
  52  4:48  Probe  
  52  4:52  Adept  
  60  4:55  Adept, Protoss Ground Armor Level 1  
  62  5:02  Nexus  
  62  5:09  Probe  
  62  5:10  Probe  
  64  5:22  Adept x2  
  64  5:24  Adept  
  70  5:35  Probe x2  
  70  5:41  Pylon  
  68  5:44  Pylon  
  66  5:54  Blink (Chrono Boost)  
  66  5:56  Pylon, Probe  
  67  6:01  Sentry x3, Adept  
  67  6:03  Warp Prism (Chrono Boost)  
  67  6:08  Pylon  
  67  6:09  Probe x2  
  69  6:12  Gateway  
  69  6:16  Gateway x2, Probe  
  70  6:21  Probe  
  70  6:25  Adept x3  
  76  6:27  Probe  
  76  6:28  Probe  
  76  6:31  Sentry  
  80  6:33  Probe  
  80  6:39  Probe  
  82  6:40  Probe  
  82  6:42  Adept x2  
  82  6:43  Adept  
  82  6:45  Probe  
  90  6:51  Probe  
  85  6:56  Stalker  
  85  6:57  Probe x2  
  87  7:01  Stalker x2  
  87  7:02  Stalker  
  87  7:04  Probe  
  94  7:15  Adept x3  
  98  7:17  Probe x2  
  98  7:19  Assimilator  
  98  7:21  Stalker  
  98  7:22  Pylon, Stalker  
  106  7:25  Assimilator  
  106  7:28  Pylon, Adept  
  108  7:40  Pylon x2  
  108  7:41  Pylon  
  108  7:48  Adept x4  
Show
View Real Time Build Order
Export as new Build Order

엠브피치킨마루 Terran 

Build Orders: Command Center First (CC), MMM Bio 

Get SALT Encoding   

  12  0:00  SCV  
  13  0:12  SCV  
  14  0:17  Supply Depot  
  14  0:24  SCV  
  15  0:38  SCV  
  16  0:51  SCV  
  17  1:01  Command Center  
  17  1:03  SCV  
  18  1:13  Barracks  
  18  1:15  SCV  
  19  1:27  Barracks  
  19  1:30  SCV  
  20  1:42  SCV  
  20  1:46  Barracks  
  21  1:54  SCV  
  22  1:59  Marine  
  23  2:06  Orbital Command  
  23  2:13  Orbital Command  
  23  2:14  Marine  
  24  2:17  Marine  
  25  2:23  Refinery  
  25  2:25  Refinery  
  25  2:32  SCV  
  25  2:34  Marine x2  
  25  2:35  Marine  
  29  2:41  SCV  
  30  2:44  Supply Depot, SCV  
  31  2:53  Marine x2, SCV  
  31  2:54  Barracks Tech Lab  
  35  2:58  SCV  
  35  3:05  Engineering Bay  
  35  3:07  SCV  
  35  3:08  Supply Depot  
  35  3:10  SCV  
  37  3:15  Stimpack  
  37  3:18  Marine x3  
  40  3:23  SCV x2  
  42  3:30  Supply Depot  
  42  3:35  Refinery, SCV  
  42  3:36  SCV  
  42  3:38  Factory  
  44  3:42  Marine x2  
  44  3:43  Marine  
  48  3:48  SCV x2  
  48  3:51  Terran Infantry Weapons Level 1  
  49  4:00  SCV x2  
  51  4:02  Marine  
  51  4:03  Marine x2  
  51  4:06  Supply Depot  
  54  4:12  SCV  
  54  4:13  SCV  
  54  4:16  Missile Turret  
  56  4:21  Barracks Reactor  
  56  4:22  Barracks Reactor, Marine  
  56  4:23  Starport  
  57  4:25  Factory Reactor  
  57  4:26  SCV x2  
  57  4:29  Refinery  
  59  4:37  Barracks  
  59  4:38  Barracks  
  59  4:40  SCV x2  
  59  4:44  Marine  
  62  4:52  SCV x2  
  64  4:57  Supply Depot  
  64  4:58  Supply Depot  
  68  5:02  Marauder  
  70  5:08  Supply Depot  
  70  5:09  Medivac x2  
  70  5:16  Combat Shields  
  70  5:18  Marine x4, SCV x2  
  50  5:36  Marine x5  
  50  5:42  Marine x2  
  50  5:45  SCV x2  
  49  5:54  Marine, Medivac  
  49  5:55  Medivac  
  54  6:00  Marine x3  
  54  6:01  Marine, Terran Infantry Armor Level 1  
  54  6:03  SCV  
  59  6:06  SCV  
  60  6:11  Marine x2  
  60  6:14  Marine  
  60  6:18  SCV x2  
  64  6:24  Marine x2  
  64  6:25  Marine x2  
  69  6:31  Marine x3  
  69  6:32  SCV  
  73  6:33  SCV  
  74  6:40  Supply Depot  
  74  6:41  Medivac  
  54  7:02  Marine  
  54  7:03  Marine x6  
  54  7:04  SCV x2  
  54  7:05  Medivac  
  59  7:17  SCV x2  
  61  7:24  Marine x3  
  61  7:25  Marine x3  
  61  7:26  Marauder  
  69  7:36  SCV x2  
Tags
 
Add a new tag
Caveats
  • Supply blocks, unpowered buildings, or Contaminate may cause inaccurate times.
  • Supply counts are checked every 10 seconds.